 Dungeon Crawl Stone Soup version 0.30-a0-613-gdd512c7efb (webtiles) character file.

Game seed: 10983883213748487103

52353 wormed the Destroyer (level 14, -2/110 HPs)
             Began as a Demonspawn Fire Elementalist on Jan 8, 2023.
             Was a High Priest of Vehumet.
             Slain by a death yak (18 damage)
             ... on level 5 of the Lair of Beasts.
             The game lasted 00:43:00 (23726 turns).

wormed the Destroyer (DsFE)                        Turns: 23726, Time: 00:43:01

Health: -2/110     AC:  7    Str:  9    XL:     14   Next: 26%
Magic:  9/37       EV: 15    Int: 32    God:    Vehumet [*****.]
Gold:   1111       SH:  0    Dex: 13    Spells: 20/33 levels left

rFire   + + .      SeeInvis .    H - staff of fire
rCold   + . .      Faith    .    (no shield)
rNeg    . . .      Spirit   .    E - +0 troll leather armour
rPois   .          Reflect  .    (no helmet)
rElec   .          Harm     .    I - scarf {rC+ rF+}
rCorr   .          Rampage  .    M - +0 pair of gloves
Will    +....                    o - +1 pair of boots
Stlth   ++                       (no amulet)
HPRegen 1.18/turn                i - +6 ring of intelligence
MPRegen 0.25/turn                w - ring of magical power

@: no status effects
A: claws 2, ignite blood 3, spiny 1, big brain 2
a: Renounce Religion


You were on level 5 of the Lair of Beasts.
You worshipped Vehumet.
Vehumet was extremely pleased with you.
You visited 3 branches of the dungeon, and saw 17 of its levels.

You collected 1111 gold pieces.

Inventory:

Missiles
 B - 4 throwing nets (quivered)
Armour
 o - a +1 pair of boots (worn)
 E - a +0 troll leather armour (worn)
 I - a scarf of resistance (worn)
 K - an orb of energy
 M - a +0 pair of gloves (worn)
Magical Staves
 H - a staff of fire (weapon)
Jewellery
 a - a +6 ring of dexterity
 h - a +6 ring of strength
 i - a +6 ring of intelligence (left hand)
 p - a +5 ring of evasion
 s - a ring of wizardry
 w - a ring of magical power (right hand)
 A - a +6 ring of strength
 N - an amulet of magic regeneration
Wands
 v - a wand of charming (6)
 x - a wand of digging (17)
 y - a wand of flame (17)
 C - a wand of iceblast (6)
 G - a wand of quicksilver (7)
 L - a wand of polymorph (2)
Scrolls
 c - 3 scrolls of enchant armour
 m - 3 scrolls of magic mapping
 q - 8 scrolls of identify
 r - 4 scrolls of fog
 t - 2 scrolls of amnesia
 u - 4 scrolls of teleportation
 D - 2 scrolls of poison
Potions
 b - 7 potions of curing
 d - 3 potions of lignification
 e - 4 potions of attraction
 f - 6 potions of might
 g - 3 potions of mutation
 j - a potion of resistance
 k - a potion of invisibility
 l - a potion of berserk rage
 n - 4 potions of brilliance
 z - 3 potions of ambrosia
 F - a potion of cancellation
 J - a potion of haste


   Skills:
 - Level 10.0 Fighting
 - Level 10.0 Dodging
 - Level 1.7 Stealth
 - Level 10.0 Spellcasting
 + Level 12.8 Conjurations
 + Level 12.4 Fire Magic


You had 20 spell levels left.
You knew the following spells:

 Your Spells              Type           Power      Damage    Failure   Level
a - Foxfire               Conj/Fire      100%       2x1d9     1%          1
b - Scorch                Fire           100%       2d10      1%          2
c - Inner Flame           Hex/Fire       70%        N/A       1%          3
d - Irradiate             Conj/Tmut      27%        3d20      2%          5
f - Static Discharge      Conj/Air       100%       2-7/arc   1%          2

Your spell library contained the following spells:

 Spells                   Type           Power      Damage    Failure   Level
 Lee's Rapid Deconstruct  Erth           8%         3d7*      28%         5
 Dazzling Flash           Conj/Hex       100%       N/A       1%          3
 Kindle Blastsparks       Fire/Tloc/Air  100%       2d18      1%          3
 Flame Wave               Conj/Fire      98%        2d20      1%          4
 Iskenderun's Mystic Bla  Conj/Tloc      54%        2d12      1%          4
 Starburst                Conj/Fire      49%        6d13      1%          6
 Lightning Bolt           Conj/Air       27%        1d43      2%          5
 Cigotuvi's Dreadful Rot  Necr/Pois/Air  32%        N/A       6%          2
 Airstrike                Air            8%         2d(2-18)  11%         4
 Conjure Ball Lightning   Conj/Air       27%        3x3d8     13%         6
 Dispel Undead            Necr           16%        3d10      38%         4
 Summon Lightning Spire   Summ/Air       16%        N/A       38%         4
 Blade Hands              Tmut           8%         N/A       75%         5
 Death Channel            Necr           8%         N/A       100%        6
 Dragon Form              Tmut           8%         N/A       100%        7
 Storm Form               Tmut/Air       8%         N/A       100%        7
 Discord                  Hex            8%         N/A       100%        8
 Disjunction              Tloc           8%         N/A       100%        8
 Maxwell's Capacitive Co  Air            8%         ∞         100%        8


Dungeon Overview and Level Annotations

Branches:
Dungeon (11/15)            Temple (1/1) D:4            Lair (5/5) D:9
 Shoals (0/4) Lair:3       Spider (0/4) Lair:2        Slime (0/5) Lair:5
    Orc (0/2) D:10

Altars:
Ashenzari
Cheibriados
Dithmenos
Fedhas
Hepliaklqana
Kikubaaqudgha
Nemelex Xobeh
Qazlal
Ru
Trog
Vehumet
Wu Jian
Xom
Yredelemnul
Jiyva

Shops:
D:2 (

Annotations:
D:2 1 runed translucent door, Crazy Yiuf
D:10 1 runed translucent door, yumyumyeen's ghost, journeyman DsMo


Innate Abilities, Weirdness & Mutations

You have very sharp fingernails.
Your demonic aura causes all spilled blood to erupt in flames.
You are partially covered in sharp spines.
You have an extremely huge brain. (Int +4)


Message History

You kill the catoblepas!
Vehumet accepts your kill.
You feel your power returning.
The death yak is no longer more vulnerable to fire.
Casting: Scorch (safe; 1% risk of failure)
Confirm with . or Enter, or press ? or * to list all spells.
You feel a surge of power!
Flames lash the death yak.
The death yak is lightly wounded.
The death yak's fire resistance burns away.
Casting: Scorch (safe; 1% risk of failure)
Confirm with . or Enter, or press ? or * to list all spells.
You feel a surge of power!
Flames lash the death yak.
The death yak is burned terribly!
The death yak is moderately wounded.
The death yak is engulfed in blazing flames.
The death yak misses you.
Casting: Scorch (safe; 1% risk of failure)
Confirm with . or Enter, or press ? or * to list all spells.
You feel a surge of power!
Flames lash the death yak but do no damage.
The death yak closely misses you.
Casting: Scorch (safe; 1% risk of failure)
Confirm with . or Enter, or press ? or * to list all spells.
You feel a surge of power!
Flames lash the death yak.
The death yak is burned terribly!
The death yak is heavily wounded.
The death yak gores you!!
* * * LOW HITPOINT WARNING * * *
Casting: Scorch (safe; 1% risk of failure)
Confirm with . or Enter, or press ? or * to list all spells.
You feel a surge of power!
Flames lash the death yak.
The death yak is burned terribly!
The death yak is severely wounded.
Casting: Scorch (safe; 1% risk of failure)
Confirm with . or Enter, or press ? or * to list all spells.
You feel a surge of power!
Flames lash the death yak.
The death yak is burned terribly!
The death yak is severely wounded.
The death yak gores you!!
You die...

... #Y##
#†.##
##†.##
#...#
#.♣.#
#♣..#
#Y..#
#@.##
♣..#
##..#
...
#...#
#..
##...#
#.#
#..÷.#
#.##
##...♣#
#..#
#....#
...##
##...##
....###
###...##


You could see a death yak (combustible).

Vanquished Creatures
  Harold (D:9)
  2 hydras
  2 boulder beetles
  2 catoblepae (Lair:5)
  3 two-headed ogres
  16 death yaks
  Nergalle (Lair:3)
  A wolf spider (Lair:2)
  A manticore (D:11)
  4 harpies (Lair:3)
  3 oklob plants
  13 elephants
  Maurice (D:9)
  5 black mambas
  8 cane toads
  An unseen horror (D:10)
  8 komodo dragons
  5 rime drakes
  An efreet (D:10)
  3 trolls
  A meliai (Lair:2)
  A polar bear (Lair:5)
  A hornet (D:9)
  Grinder (D:3)
  5 blink frogs (Lair:2)
  A slime creature (D:7)
  3 wraiths
  4 wyverns
  48 yaks
  Eustachio (D:5)
  3 basilisks
  Grum (Lair:1)
  2 vampire mosquitoes (D:10)
  2 steam dragons (D:7)
  2 acid dragons
  19 water moccasins
  3 orc warriors (D:11)
  An ice beast (D:7)
  An ogre (D:5)
  A sky beast (D:7)
  6 black bears
  2 centaurs
  16 wolves
  2 phantoms
  A kobold brigand (D:9)
  Blork the orc (D:5)
  A gnoll sergeant (D:7)
  17 bullfrogs
  A scorpion (D:5)
  7 necrophages
  12 wights
  11 killer bees
  An electric eel (Lair:4)
  6 howler monkeys
  A human zombie (D:4)
  A centaur zombie (D:4)
  A bullfrog zombie (D:4)
  A gnoll bouda (D:7)
  7 orc priests
  3 hounds
  4 jellies
  6 iguanas
  3 orc wizards
  A hound zombie (D:4)
  Robin (D:2)
  10 adders
  19 gnolls
  A river rat (D:4)
  A shadow imp (D:6)
  A white imp (D:5)
  An ufetubus (D:6)
  2 adder zombies (D:4)
  3 dart slugs
  39 orcs
  7 endoplasms
  9 giant cockroaches
  8 hobgoblins
  3 jackals (D:1)
  15 kobolds
  3 quokkas
  2 ball pythons
  5 bats
  6 frilled lizards
  8 goblins
  7 rats
445 creatures vanquished.

Vanquished Creatures (collateral kills)
  17 foxfires (Lair:3)
17 creatures vanquished.

Vanquished Creatures (others)
  103 foxfires
  29 fungi
  59 plants
191 creatures vanquished.

Grand Total: 653 creatures vanquished

Notes
Turn   | Place    | Note
-------+----------+-------------------------------------------
     0 | D:1      | wormed the Demonspawn Fire Elementalist began the quest for
                  | the Orb.
     0 | D:1      | Reached XP level 1. HP: 13/13 MP: 3/3
   315 | D:1      | Gained mutation: You have sharp fingernails. [demonic
                  | ancestry]
   315 | D:1      | Reached XP level 2. HP: 19/19 MP: 3/5
   434 | D:1      | Learned a level 2 spell: Scorch
   833 | D:1      | Reached XP level 3. HP: 1/24 MP: 1/6
  1589 | D:2      | Noticed Robin
  2010 | D:2      | Killed Robin
  2183 | D:2      | Found a snail-covered altar of Cheibriados.
  2237 | D:2      | Reached XP level 4. HP: 30/30 MP: 5/8
  2964 | D:2      | Found a runed translucent door.
  2965 | D:2      | Noticed Crazy Yiuf
  3057 | D:2      | Found Rofaqechosu's Weapon Shop.
  3557 | D:3      | Gained mutation: You have very sharp fingernails. [demonic
                  | ancestry]
  3557 | D:3      | Reached XP level 5. HP: 35/35 MP: 6/9
  3740 | D:3      | Noticed Grinder
  3752 | D:3      | Killed Grinder
  3753 | D:3      | Reached XP level 6. HP: 27/41 MP: 7/11
  4248 | D:4      | Found a blossoming altar of Fedhas.
  4495 | D:4      | Noticed a water moccasin
  4501 | D:4      | Killed a water moccasin
  4502 | D:4      | Gained mutation: You have an unusually large brain. (Int
                  | +2) [demonic ancestry]
  4502 | D:4      | Reached XP level 7. HP: 12/46 MP: 10/13
  4611 | D:4      | Found a bloodstained altar of Trog.
  4808 | D:4      | Found a glowing drain.
  4920 | D:4      | Found a staircase to the Ecumenical Temple.
  5293 | D:4      | Found an ancient bone altar of Kikubaaqudgha.
  5299 | D:4      | Reached skill level 1 in Fighting
  5299 | D:4      | Reached skill level 5 in Fire Magic
  5663 | D:4      | Reached skill level 5 in Conjurations
  5663 | D:4      | Gained mutation: You have an extremely huge brain. (Int +4)
                  | [demonic ancestry]
  5663 | D:4      | Reached XP level 8. HP: 54/56 MP: 8/15
  5714 | D:4      | Reached skill level 5 in Spellcasting
  5840 | D:5      | Entered Level 5 of the Dungeon
  6100 | D:5      | Noticed Blork the orc
  6105 | D:5      | Killed Blork the orc
  6684 | D:5      | Noticed Eustachio
  6691 | D:5      | Killed Eustachio
  7301 | D:6      | Gained mutation: Your demonic aura sometimes causes spilled
                  | blood to erupt in flames. [demonic ancestry]
  7301 | D:6      | Reached XP level 9. HP: 65/65 MP: 8/17
  8395 | D:6      | Found a broken altar of Ashenzari.
  8910 | Temple   | Entered the Ecumenical Temple
  9006 | Temple   | Became a worshipper of Vehumet
  9300 | D:7      | Identified the +1 robe "Inymod" {-Tele Rampage rN+++ Dex-4}
  9396 | D:7      | Reached skill level 5 in Dodging
  9928 | D:7      | Reached skill level 5 in Fighting
 10113 | D:7      | Found a sacrificial altar of Ru.
 10127 | D:7      | Reached * piety under Vehumet
 10127 | D:7      | Offered knowledge of Magic Dart by Vehumet.
 10128 | D:7      | Gained mutation: You are partially covered in sharp spines.
                  | [demonic ancestry]
 10128 | D:7      | Reached XP level 10. HP: 72/74 MP: 8/20
 10902 | D:8      | Identified the +0 scale mail of the Bursted God {rElec rF+}
 10977 | D:8      | Found a basalt altar of Yredelemnul.
 11249 | D:8      | Learned a level 3 spell: Inner Flame
 11254 | D:8      | Learned a level 4 spell: Flame Wave
 11936 | D:9      | Noticed Harold
 11944 | D:9      | Killed Harold
 12349 | D:9      | Found a staircase to the Lair.
 12397 | D:9      | Noticed Maurice
 12402 | D:9      | Killed Maurice
 12775 | D:9      | Gained mutation: Your demonic aura often causes spilled
                  | blood to erupt in flames. [demonic ancestry]
 12775 | D:9      | Reached XP level 11. HP: 26/83 MP: 17/22
 12988 | D:9      | Noticed a two-headed ogre
 12996 | D:9      | Killed a two-headed ogre
 13235 | D:9      | Reached ** piety under Vehumet
 13235 | D:9      | Offered knowledge of Static Discharge by Vehumet.
 13498 | D:9      | Noticed a two-headed ogre
 13504 | D:9      | Killed a two-headed ogre
 13620 | D:9      | Learned a level 6 spell: Starburst
 13636 | Lair:1   | Entered Level 1 of the Lair of Beasts
 13638 | Lair:1   | Noticed Grum
 13652 | Lair:1   | Killed Grum
 13652 | Lair:1   | Noticed a death yak
 13894 | D:10     | Entered Level 10 of the Dungeon
 14009 | D:9      | Learned a level 2 spell: Static Discharge
 14154 | D:10     | Found a staircase to the Orcish Mines.
 14197 | D:10     | Found a runed translucent door.
 14197 | D:10     | Noticed yumyumyeen's ghost (journeyman DsMo)
 14198 | D:10     | Identified the +6 trident of Wietac {flame, rN++}
 14715 | D:10     | Found an ornate altar of the Wu Jian Council.
 14982 | D:11     | Offered knowledge of Poisonous Vapours by Vehumet.
 15226 | D:11     | Noticed a boulder beetle
 15232 | D:11     | Reached *** piety under Vehumet
 15243 | D:11     | Killed a boulder beetle
 15705 | D:11     | HP: 4/84 [manticore (1)]
 15705 | D:11     | HP: 1/84 [manticore (3)]
 15772 | D:11     | Noticed a two-headed ogre
 15779 | D:11     | Killed a two-headed ogre
 16044 | D:11     | Learned a level 5 spell: Irradiate
 16109 | D:11     | Found a stormy altar of Qazlal.
 16140 | D:11     | Offered knowledge of Ignite Poison by Vehumet.
 16501 | Lair:1   | Killed a death yak
 16623 | Lair:1   | Noticed a death yak
 16624 | Lair:1   | Noticed a death yak
 16624 | Lair:1   | Noticed a death yak
 16627 | Lair:1   | Noticed a death yak
 16630 | Lair:1   | Killed a death yak
 16631 | Lair:1   | Reached XP level 12. HP: 48/92 MP: 11/24
 16631 | Lair:1   | Noticed a death yak
 16646 | D:9      | Killed a death yak
 16786 | D:9      | Killed a death yak
 16860 | D:9      | Killed a death yak
 16860 | D:9      | Killed a death yak
 17899 | Lair:2   | Reached **** piety under Vehumet
 17905 | Lair:2   | Reached skill level 10 in Conjurations
 18032 | Lair:2   | Offered knowledge of Freezing Cloud by Vehumet.
 18153 | Lair:2   | Noticed a boulder beetle
 18166 | Lair:2   | Killed a boulder beetle
 18197 | Lair:2   | HP: 4/95 [poisoned by a wolf spider]
 18202 | Lair:2   | HP: 3/95 [poisoned by a wolf spider]
 18723 | Lair:2   | Reached skill level 10 in Fire Magic
 19049 | Lair:2   | Reached skill level 10 in Spellcasting
 19049 | Lair:2   | Gained mutation: Your demonic aura causes all spilled blood
                  | to erupt in flames. [demonic ancestry]
 19049 | Lair:2   | Reached XP level 13. HP: 99/102 MP: 27/27
 19097 | Lair:2   | Found a hole to the Spider Nest.
 19580 | Lair:2   | Reached skill level 10 in Fighting
 19888 | Lair:3   | Noticed Nergalle
 19909 | Lair:3   | Killed Nergalle
 19953 | Lair:3   | Reached skill level 10 in Dodging
 19975 | Lair:3   | Found a staircase to the Shoals.
 20802 | Lair:4   | Reached ***** piety under Vehumet
 20810 | Lair:4   | Offered knowledge of Lee's Rapid Deconstruction by Vehumet.
 22542 | Lair:5   | Entered Level 5 of the Lair of Beasts
 22714 | Lair:5   | Reached XP level 14. HP: 94/110 MP: 25/28
 23223 | Lair:5   | Found a viscous altar of Jiyva.
 23224 | Lair:5   | Found a staircase to the Slime Pits.
 23726 | Lair:5   | Slain by a death yak

Illustrated notes

Levels and vault maps discovered:
D:1:      spicycebolla_green_bress_n_ham, layout_basic, st_stairs_7
D:2:      layout_basic, basic_altar, serial_shops, shop, dk_noncrumbling_2,
          uniq_crazy_yiuf_cottage, uniq_robin
D:3:      layout_loops_ring, uniq_grinder
D:4:      layout_cave_pools, lemuel_mausoleum_altar_kikubaaqudgha,
          mainiacjoe_overflow_large_starburst,
          minmay_temple_entry_statues_pillars, gup_sewer_entry_bowl
D:5:      layout_loops_cross, uniq_blork_the_orc, uniq_eustachio
D:6:      layout_loops_ring, mainiacjoe_overflow_alcove_2
D:7:      layout_basic, mainiacjoe_overflow_paths, minmay_small_thing
D:8:      layout_loops_ring, mainiacjoe_overflow_alcove_4,
          kennysheep_small_spiral
D:9:      layout_stronghold, lair_entry_dummy, uniq_maurice, uniq_harold
D:10:     layout_roguey, nicolae_wu_jian_immortal_techniques, orc_0_dummy,
          ebering_ghost_funeral_grove
D:11:     layout_basic, special_room [special_room_orc], kennysheep_nondescript,
          grunt_qazlal_sundering
Temple:   regret_index_temple_generic_petals
Lair:1:   layout_concentric_octagons, st_stairs_12, uniq_grum
Lair:2:   layout_regular_city, hellmonk_spider_entry_not_the_bees,
          nicolae_lair_run_with_the_wolves, grunt_megastairs_1
Lair:3:   layout_chaotic_city, nicolae_shoals_entry_roost, grunt_megastairs_3,
          lemuel_fruit_fields, uniq_nergalle
Lair:4:   wander_river, layout_cave_pods, serial_bayou_pond_c, st_stairs_6,
          dpeg_oklob_1
Lair:5:   grunt_lair_end_beastmaster, layout_gridlike, slime_entry_1

Skill      XL: |  1  2  3  4  5  6  7  8  9 10 11 12 13 14 |
---------------+-------------------------------------------+-----
Fire Magic     | 3 4 5 6 7 8 9 10 11 12 | 12.4
Conjurations   | 2 3 4 5 6 7 8 9 10 12 | 12.8
Spellcasting   | 3 4 5 6 7 8 10 | 10.0
Dodging        | 2 4 5 6 7 9 10 | 10.0
Fighting       | 2 3 5 6 8 9 10 | 10.0
Stealth        | |  1.7

Action                   |  1- 3 |  4- 6 |  7- 9 | 10-12 | 13-15 || total
-------------------------+-------+-------+-------+-------+-------++-------
Melee: Unarmed           |    29 |    11 |    25 |       |       ||    65
       Punch             |     2 |     1 |       |       |       ||     3
Throw: Throwing net      |       |       |       |     1 |       ||     1
 Cast: Foxfire           |    28 |       |     6 |    16 |    22 ||    72
       Scorch            |    38 |    63 |   195 |   367 |   273 ||   936
       Inner Flame       |       |       |       |    36 |    38 ||    74
       Static Discharge  |       |       |       |     5 |       ||     5
       Irradiate         |       |       |       |     9 |     7 ||    16
       Starburst         |       |       |       |     1 |       ||     1
       Flame Wave        |       |       |       |     1 |       ||     1
  Use: Potion            |     2 |     2 |     3 |     5 |       ||    12
       Scroll            |     5 |     6 |     4 |    10 |     4 ||    29
Armor: Robe              |    14 |     2 |     7 |       |       ||    23
       Steam dragon scal |       |       |     7 |     6 |       ||    13
       Troll leather arm |       |       |       |    43 |    25 ||    68
Dodge: Dodged            |    54 |    13 |    72 |   167 |    87 ||   393

Table legend: (Time is in decaauts)
 A = Elapsed time spent in this place.
 B = Non-inter-level travel time spent in this place.
 C = Inter-level travel time spent in this place.
 D = Time resting spent in this place.
 E = Time spent auto-exploring this place.
 F = Levels seen in this place.
 G = Mean time per level.
                   A        B        C        D        E       F      G
               +--------+--------+--------+--------+--------+-----+--------+
         Total |  23788 |  22548 |   1240 |     37 |  19228 |  17 | 1399.3 |
       Dungeon |  16725 |  15857 |    868 |     37 |  13739 |  11 | 1520.5 |
        Temple |    129 |     97 |     32 |      0 |     79 |   1 |  129.0 |
          Lair |   6934 |   6595 |    339 |      0 |   5410 |   5 | 1386.8 |
               +--------+--------+--------+--------+--------+-----+--------+

Top non-repeatable levels by time:
     D:9: 2589 daAuts
  Lair:4: 1925 daAuts
     D:7: 1708 daAuts
     D:4: 1659 daAuts
     D:2: 1576 daAuts
  Lair:2: 1563 daAuts
     D:5: 1531 daAuts
     D:1: 1473 daAuts
    D:11: 1376 daAuts
     D:8: 1325 daAuts
  Lair:1: 1246 daAuts
     D:3: 1216 daAuts
  Lair:3: 1204 daAuts
     D:6: 1181 daAuts
    D:10: 1086 daAuts
